Map: Oceanborn LE

Players

A.I. 2 (Harder)

  • Race: Terran Terran
  • Spawn Location: 11:00

Adimax - Winner!

  • Race: Zerg Zerg
  • League: Diamond
  • Spawn Location: 5:00

VOD

Have the link to the VOD?

Description

Time

  • Played on: Nov. 20, 2023, 5:26 p.m.
  • Length: 4:59
Show
View Real Time Build Order
Export as new Build Order

A.I. 2 (Harder) Terran 

Build Orders:  

Get SALT Encoding   

  12  0:00  SCV  
  13  0:13  SCV  
  14  0:18  Supply Depot  
  14  0:25  SCV  
  15  0:39  SCV  
  16  0:43  Barracks  
  16  0:52  SCV  
  17  1:04  SCV  
  18  1:16  Command Center  
  18  1:32  Orbital Command, Marine  
  18  1:38  Supply Depot  
  19  1:44  Refinery  
  19  1:50  Marine  
  20  1:58  SCV  
  20  2:00  Barracks  
  21  2:07  Refinery  
  21  2:10  SCV  
  22  2:18  Barracks Tech Lab  
  22  2:22  SCV  
  23  2:29  Supply Depot  
  23  2:34  SCV  
  23  2:36  Marauder  
  26  2:46  SCV  
  26  2:47  Marine  
  28  2:57  Refinery  
  28  2:59  Marine  
  28  3:04  SCV  
  30  3:06  SCV  
  31  3:14  Factory  
  31  3:16  SCV  
  31  3:18  Marauder  
  34  3:23  SCV  
  35  3:28  SCV  
  35  3:30  Barracks Tech Lab  
  36  3:36  SCV  
  36  3:41  SCV  
  38  3:44  Factory  
  38  3:59  Factory Tech Lab, Refinery  
  38  4:02  Starport  
  38  4:11  Starport  
  38  4:16  Marine  
  31  4:25  Marauder  
  31  4:28  Factory Tech Lab  
  27  4:34  Marauder  
  28  4:41  Starport Tech Lab  
  27  4:49  Starport Tech Lab  
Show
View Real Time Build Order
Export as new Build Order

Adimax Zerg - Winner!

Build Orders: Hatch First 

Get SALT Encoding   

  12  0:00  Drone  
  13  0:12  Overlord  
  13  0:17  Drone  
  14  0:32  Drone x2  
  16  0:39  Drone  
  17  0:53  Hatchery  
  17  0:56  Drone  
  17  0:58  Drone  
  18  1:11  Extractor  
  17  1:13  Spawning Pool  
  17  1:16  Drone  
  17  1:21  Drone  
  18  1:27  Drone  
  19  1:41  Overlord  
  19  1:50  Drone  
  20  2:01  Drone  
  21  2:05  Queen x2  
  21  2:08  Zergling x2  
  26  2:13  Metabolic Boost  
  26  2:17  Roach Warren  
  26  2:20  Zergling x2  
  26  2:21  Drone  
  27  2:25  Drone  
  27  2:29  Drone  
  29  2:33  Drone  
  30  2:38  Drone  
  31  2:46  Drone  
  32  2:57  Overlord x2  
  32  3:05  Overlord  
  30  3:20  Roach  
  30  3:21  Roach x6  
  30  3:25  Zergling x2  
  45  3:29  Zergling x2  
  45  3:33  Zergling x2  
  47  3:40  Zergling x2  
  48  3:45  Zergling x2  
  49  3:52  Zergling x6  
  49  3:53  Zergling x6  
  55  3:57  Zergling x2  
  55  4:02  Zergling x2  
  57  4:16  Zergling x2  
  57  4:17  Zergling x2  
  54  4:29  Drone  
  54  4:30  Zergling x4, Drone x2  
  54  4:31  Zergling x2  
  60  4:33  Overlord x2  
Tags
 
League
Diamond
Matchup
TvZ
Spawn Locations
Cross Positions
Add a new tag
Caveats
  • Supply blocks, unpowered buildings, or Contaminate may cause inaccurate times.
  • Supply counts are checked every 10 seconds.